 Dungeon Crawl Stone Soup version 0.32-a0-870-g877066f4b4 (webtiles) character file.

Game seed: 11662243748209006092

199 Asagix the Chopper (level 5, -2/40 HPs)
             Began as a Demonspawn Gladiator on Mar 29, 2024.
             Frozen to death by an endoplasm (4 damage)
             ... on level 2 of the Dungeon.
             The game lasted 00:03:08 (910 turns).

Asagix the Chopper (Demonspawn Gladiator)            Turns: 910, Time: 00:03:09

Health: -2/40      AC:  8    Str: 17    XL:     5   Next: 48%
Magic:  5/5        EV: 11    Int:  8    God:
Gold:   51         SH:  0    Dex: 14    Spells: 4/4 levels left

rFire   . . .        a - +0 war axe
rCold   . . .        (no shield)
rNeg    . . .        f - +0 ring mail
rPois   +            c - +0 helmet
rElec   .            (no cloak)
rCorr   .            (no gloves)
SInv    .            n - +0 pair of boots
Will    +....        (no amulet)
Stlth   +            s - ring of poison resistance
HPRegen 0.26/turn    (no ring)
MPRegen 0.18/turn

%: no passive effects
@: enlightened, flying, hasted, very quick
A: powered by death 1, magic regeneration, sharp scales 1
a: no special abilities


You were on level 2 of the Dungeon.
You visited 1 branch of the dungeon, and saw 2 of its levels.

You collected 51 gold pieces.

Inventory:

Hand Weapons
 a - a +0 war axe (weapon)
 h - a +2 whip of draining
Missiles
 d - 3 throwing nets (quivered)
 e - a javelin
Armour
 b - a +0 leather armour
 c - a +0 helmet (worn)
 f - a +0 ring mail (worn)
 n - a +0 pair of boots (worn)
Jewellery
 s - a ring of poison resistance (left hand)
Scrolls
 i - a scroll of immolation {unknown}
 j - a scroll of brand weapon {unknown}
 k - a scroll of amnesia {unknown}
 l - a scroll of enchant weapon {unknown}
 m - a scroll of enchant armour {unknown}
 r - a scroll of fog {unknown}
Potions
 o - a potion of haste
 p - a potion of curing {unknown}
 q - a potion of mutation {unknown}


   Skills:
 + Level 2.8 Fighting
 + Level 4.5 Axes
 + Level 1.8 Throwing
 + Level 1.3 Armour
 + Level 3.4 Dodging


You had 4 spell levels left.
You didn't know any spells.
Your spell library contained the following spells:

 Spells                   Type           Power      Damage    Failure   Level
 Maxwell's Portable Pile  Tloc           0%         2d(5-10)  100%        4
 Vhi's Electric Charge    Tloc/Air       0%         N/A       100%        4
 Arcjolt                  Conj/Air       0%         1d10      100%        5
 Plasma Beam              Fire/Air       0%         2x1d10    100%        6
 Maxwell's Capacitive Co  Air            0%         ∞         100%        8


Dungeon Overview and Level Annotations

Branches:
Dungeon (2/15)

Altars:


Innate Abilities, Weirdness & Mutations

You regenerate a little health from kills.
You regenerate magic rapidly.
You are partially covered in razor-sharp scales. (AC +1, Slay +1)


Message History

You feel less confused. Sigmund closely misses you.
It was a potion of enlightenment.
You feel very buoyant.
You fly up into the air.
You slash Sigmund!
Sigmund is almost dead.
Sigmund giggles. "Time to reap what you sow."
Sigmund gestures at you while chanting. The puff of flame hits you.
* * * LOW HITPOINT WARNING * * *
You barely miss Sigmund.
Sigmund is almost dead.
Sigmund casts a spell at you. You resist with almost no effort.
You barely miss Sigmund.
Sigmund is almost dead.
Sigmund hits you but does no damage.
You slash Sigmund!
You kill Sigmund!
Your Axes skill increases to level 4!
Your Armour skill increases to level 1!
You have reached level 4!
You feel stronger.
Your demonic ancestry asserts itself...
A wave of death washes over you.
You have reached level 5!
Your demonic ancestry asserts itself...
Your magic begins to regenerate rapidly.
You hit the frilled lizard.
You kill the frilled lizard!
You barely miss the endoplasm. The endoplasm freezes you.
You are frozen.
* * * LOW HITPOINT WARNING * * *
You barely miss the endoplasm.
The endoplasm hits you but does no damage.
You hit the endoplasm.
The endoplasm is severely wounded.
The endoplasm freezes you.
You are frozen.
You die...

##..>?.l.[.....
.J................
...................
..#####.###........
#...#........
#.l..........
...#######..[#.....#
........##...#.....#
...####.@J........>#
########.....#
#.....# #.....#
#<....######
##..........
###<.......
#...†.... #.##'#...


You could see an endoplasm.

Vanquished Creatures
  Sigmund (D:2)
  2 gnolls (D:1)
  A ball python (D:2)
  2 bats
  2 endoplasms (D:1)
  A goblin (D:1)
  6 hobgoblins (D:1)
  4 frilled lizards
  3 kobolds (D:1)
  3 rats (D:1)
25 creatures vanquished.

Notes
Turn   | Place    | Note
-------+----------+-------------------------------------------
     0 | D:1      | Asagix the Demonspawn Gladiator began the quest for the
                  | Orb.
     0 | D:1      | Reached XP level 1. HP: 16/16 MP: 1/1
   212 | D:1      | Gained mutation: You are partially covered in razor-sharp
                  | scales. (AC +1, Slay +1) [demonic ancestry]
   212 | D:1      | Reached XP level 2. HP: 20/22 MP: 2/2
   218 | D:1      | Reached skill level 3 in Axes
   366 | D:1      | Reached XP level 3. HP: 25/27 MP: 3/3
   874 | D:2      | Noticed Sigmund
   906 | D:2      | Killed Sigmund
   907 | D:2      | Reached skill level 4 in Axes
   907 | D:2      | Reached skill level 1 in Armour
   907 | D:2      | Gained mutation: You regenerate a little health from kills.
                  | [demonic ancestry]
   907 | D:2      | Reached XP level 4. HP: 3/34 MP: 4/4
   907 | D:2      | Gained mutation: You regenerate magic rapidly. [demonic
                  | ancestry]
   907 | D:2      | Reached XP level 5. HP: 4/40 MP: 5/5
   908 | D:2      | HP: 1/40 [frozen (3)]
   910 | D:2      | Frozen to death by an endoplasm

Illustrated notes

Levels and vault maps discovered:
D:1:      minmay_arrival_plants_in_alcoves, layout_basic
D:2:      layout_rooms, hangedman_decor_growths, kennysheep_nondescript,
          uniq_sigmund

Skill      XL: |  1  2  3 |
---------------+----------+-----
Dodging        | 3 |  3.4
Axes           | 3 4 |  4.5
Armour         | 1 |  1.3
Fighting       | |  2.8
Throwing       | |  1.8

Action                     |  1- 3 |  4- 6 || total
---------------------------+-------+-------++-------
  Melee: War axe           |    58 |     4 ||    62
    Use: Potion            |     2 |       ||     2
 Armour: Ring mail         |    40 |     1 ||    41
  Dodge: Dodged            |    31 |       ||    31

Table legend: (Time is in decaauts)
 A = Elapsed time spent in this place.
 B = Non-inter-level travel time spent in this place.
 C = Inter-level travel time spent in this place.
 D = Time resting spent in this place.
 E = Time spent auto-exploring this place.
 F = Levels seen in this place.
 G = Mean time per level.
                   A        B        C        D        E       F      G
               +--------+--------+--------+--------+--------+-----+--------+
         Total |    925 |    925 |      0 |      0 |    588 |   2 |  462.5 |
       Dungeon |    925 |    925 |      0 |      0 |    588 |   2 |  462.5 |
               +--------+--------+--------+--------+--------+-----+--------+

Top non-repeatable levels by time:
     D:1: 844 daAuts
     D:2: 80 daAuts
